 Dungeon Sprint DCSS version 0.27.0-1-g7a089689b8 (webtiles) character file.

Game seed: 13645714523796643316

7588 Groucho the Ninja (level 10, -17/53 HPs)
             Began as a Felid Berserker on Aug 1, 2021.
             Was an Elder of Trog.
             Demolished by a fire giant (33 damage)
             ... in the Dungeon (Sprint I: "Red Sonja").
             The game lasted 00:12:08 (2675 turns).

Groucho the Ninja (Felid Berserker)                 Turns: 2675, Time: 00:12:08

Health: -17/53     AC:  2    Str: 13    XL:     10   Next: 97%
Magic:  0/25       EV: 29    Int: 10    God:    Trog [****..]
Gold:   3400       SH:  0    Dex: 16    Spells: 29/29 levels left
                                        Lives:  0   Deaths: 2

rFire    + . .     SeeInvis +     - Unarmed
rCold    . . .     Faith    .   (shield unavailable)
rNeg     . . .     Spirit   +   (armour unavailable)
rPois    +         Reflect  .   (helmet unavailable)
rElec    .         Harm     .   (cloak unavailable)
rCorr    .         Rampage  .   (gloves unavailable)
Will     +++..     NoTele   +   (boots unavailable)
Stlth    ++++++++++             i - amulet of guardian spirit
HPRegen  1.17/turn              h - ring of poison resistance
MPRegen  0.19/turn              k - ring of protection from fire

@: strong-willed, regenerating, studying Dodging, quick
A: very small, claws 1, fangs 3, see invisible, speed 1, shaggy fur 2, stealthy
paws, no weapons or thrown items, no armour, multi-lived, clumsy 1
a: Renounce Religion, Berserk, Trog's Hand, Brothers in Arms


You were in the Dungeon.
You worshipped Trog.
Trog was greatly pleased with you.
You visited 1 branch You collected 4745 gold pieces.
You spent 1345 gold pieces at shops.

Inventory:

Jewellery
 h - a ring of poison resistance (left paw)
 i - an amulet of guardian spirit (around neck)
 j - a +6 ring of strength
 k - a ring of protection from fire (right paw)
Wands
 g - a wand of polymorph (5)
Scrolls
 b - a scroll of vulnerability {unknown}
Potions
 c - a potion of haste
 d - 2 potions of magic
 e - a potion of berserk rage
 f - a potion of degeneration {unknown}
 m - a potion of attraction {unknown}


   Skills:
 + Level 11.7 Fighting
 + Level 17.8 Dodging
 O Level 27 Stealth
 + Level 11.6 Unarmed Combat
 + Level 10.4 Spellcasting


You had 29 spell levels left.
You didn't know any spells.
Your spell library was empty.

Dungeon Overview and Level Annotations

Branches:
Dungeon (1/1)

Altars:
Cheibriados
Dithmenos
Elyvilon
Fedhas
Gozag
Hepliaklqana
Kikubaaqudgha
Makhleb
Okawaru
Qazlal
Ru
Sif Muna
Trog
Uskayaw
Vehumet
Wu Jian
Xom
Yredelemnul
Zin
The Shining One
Jiyva
Lugonu

Shops:
D =(=(=**((*?*?:=*??[[*(

Annotations:
D Lernaean hydra


Innate Abilities, Weirdness & Mutations

You have sharp claws.
You have razor-sharp teeth.
You have supernaturally acute eyesight. (SInv)
You cover ground quickly. (Speed+)
You are covered in thick fur. (AC +2)
Your paws help you pounce on unaware monsters.
You are incapable of wielding weapons or throwing items.
You cannot wear armour.
You gain extra lives every three experience levels.
You are clumsy. (Dex -2)


Message History

You fail to use your ability.
Your two-headed ogre hits the fire giant with a +0 giant spiked club!!! x2
The fire giant dies!
Trog accepts your kill.
Trog will now gift you melee weapons as you gain piety.
Trog appreciates your killing of a magic user.
Trog does not appreciate your training of magic skills!
You feel a little guilty.
Unknown command.
You start resting.
A fire giant is nearby!
A fire giant is nearby!
A fire giant is nearby!
A fire giant is nearby!
A fire giant is nearby!
The fire giant hits your two-headed ogre with a +2 great sword of flaming!!
The fire giant burns your two-headed ogre!
Your two-headed ogre dies!
Your two-headed ogre's corpse disappears in a puff of smoke!
Your ogre goes berserk!
Trog will no longer gift you weapons.
The fire giant gestures at you while chanting.
The fireball explodes!
The fireball engulfs you!! You resist.
* * * LOW HITPOINT WARNING * * *
Unknown command.
Unknown command.
You swap places.
Your ogre hits the fire giant with a +0 giant club!!
The fire giant hits your ogre with a +2 great sword of flaming!!
The fire giant burns your ogre.
Your ogre hits the fire giant with a +0 giant club!!!
The fire giant hits your ogre with a +2 great sword of flaming!!
The fire giant burns your ogre.
Your ogre dies!
Your ogre's corpse disappears in a puff of smoke!
Unknown command.
Unknown command.
The fire giant hits you with a +2 great sword of flaming!!!
Ouch! That really hurt!
You die...

..'.§#§#
##§.§#######'#.§§.§####
###.§§§#
###§#[:(##..#.§§§.#...
.##'####
#§##$$$#..##§§§§#)∩.
§#...°.#
#§.###$#..≈###§##...
§#.○°°^+ ##.#A#$#..4
#§####' §###.○.#
#..###$#..≈D##'#§^.§
.'.#°^.# #.##..$#
##....§.. ##.#.○##
#..#+### #^.†§§.§.
##.#^.# ##.@.#
##.^...§§§ ##.##+#
###C# #....§§§§. ##.#
#.# #....§)†.. .§§# #.#
##..^..^^. ##.# ####'#
#........ .#.# ###..))#
##.......
#§§#))!#####...####
##....).
####$.C..).C.###
####### # !$....##### #


You could see a fire giant.

Vanquished Creatures
  A shadow dragon (D)
  A fire giant (D)
  A hydra (D)
  2 centaur warriors (D)
  Sonja (D)
  A deep troll (D)
  A lindwurm (D)
  An oklob plant (D)
  A gargoyle (D)
  2 kobold demonologists (D)
  3 unseen horrors (D)
  A hornet (D)
  A slime creature (D)
  Sigmund (D)
  2 redbacks (D)
  A yak (D)
  13 hogs (D)
  4 floating eyes (D)
  An ogre (D)
  3 necrophages (D)
  8 jellies (D)
  Ijyb (D)
51 creatures vanquished.

Vanquished Creatures (collateral kills)
  A golden dragon (D)
  2 fire giants (D)
  8 shining eyes (D)
  4 unseen horrors (D)
  4 demonic crawlers (D)
  3 floating eyes (D)
  4 necrophages (D)
26 creatures vanquished.

Vanquished Creatures (others)
  2 merfolk sirens (D)
  4 hornets (D)
  2 ballistomycete spores (D)
8 creatures vanquished.

Grand Total: 85 creatures vanquished

Notes
Turn   | Place    | Note
-------+----------+-------------------------------------------
     0 | D        | Groucho the Felid Berserker began the quest for the Orb.
     0 | D        | Reached XP level 1. HP: 10/10 MP: 2/2
     2 | D        | Noticed Ijyb
    19 | D        | Killed Ijyb
    20 | D        | Reached skill level 8 in Stealth
    20 | D        | Reached XP level 2. HP: 14/14 MP: 3/3
   111 | D        | Noticed an ogre
   114 | D        | Killed an ogre
   115 | D        | Reached skill level 12 in Stealth
   115 | D        | Reached XP level 3. HP: 17/17 MP: 4/4
   115 | D        | Reached XP level 4. HP: 21/21 MP: 5/5
   116 | D        | Noticed Sigmund
   119 | D        | Killed Sigmund
   119 | D        | Reached ** piety under Trog
   120 | D        | Reached skill level 16 in Stealth
   120 | D        | Reached XP level 5. HP: 24/24 MP: 6/6
   120 | D        | Gained mutation: You are covered in thick fur. (AC +2)
                  | [Felid growth]
   120 | D        | Reached XP level 6. HP: 28/28 MP: 7/7
   146 | D        | Found a shimmering blue altar of Sif Muna.
   147 | D        | Found an ornate altar of the Wu Jian Council.
   148 | D        | Found a radiant altar of Vehumet.
   154 | D        | Found Ithreib's Antique Weapon Emporium.
   154 | D        | Found an ancient bone altar of Kikubaaqudgha.
   154 | D        | Found a hazy altar of Hepliaklqana.
   154 | D        | Found a stormy altar of Qazlal.
   154 | D        | Found a hide-covered altar of Uskayaw.
   154 | D        | Found a blossoming altar of Fedhas.
   154 | D        | Found a bloodstained altar of Trog.
   154 | D        | Found an iron altar of Okawaru.
   154 | D        | Found a basalt altar of Yredelemnul.
   154 | D        | Found a glowing golden altar of the Shining One.
   154 | D        | Found a snail-covered altar of Cheibriados.
   154 | D        | Found a sacrificial altar of Ru.
   154 | D        | Found a glowing silver altar of Zin.
   154 | D        | Found a shadowy altar of Dithmenos.
   154 | D        | Found a white marble altar of Elyvilon.
   154 | D        | Noticed a yak
   155 | D        | Found an opulent altar of Gozag.
   156 | D        | Killed a yak
   157 | D        | Reached skill level 18 in Stealth
   189 | D        | Found a burning altar of Makhleb.
   189 | D        | Found a shimmering altar of Xom.
   189 | D        | Noticed a slime creature
   190 | D        | Found a viscous altar of Jiyva.
   190 | D        | Found a corrupted altar of Lugonu.
   192 | D        | Killed a slime creature
   192 | D        | Reached *** piety under Trog
   193 | D        | Reached skill level 19 in Stealth
   193 | D        | Reached XP level 7. HP: 31/31 MP: 8/8
   219 | D        | Noticed Sonja
   223 | D        | Killed Sonja
   224 | D        | Reached skill level 22 in Stealth
   224 | D        | Reached XP level 8. HP: 34/34 MP: 9/9
   240 | D        | Found Matuur's Jewellery Boutique.
   248 | D        | Bought a ring of poison resistance for 200 gold pieces
   248 | D        | Bought an amulet of guardian spirit for 300 gold pieces
   280 | D        | Noticed a centaur warrior
   280 | D        | Noticed a centaur warrior
   281 | D        | Killed a centaur warrior
   282 | D        | Reached skill level 24 in Stealth
   290 | D        | Killed a centaur warrior
   290 | D        | Reached **** piety under Trog
   291 | D        | Reached skill level 25 in Stealth
   291 | D        | Reached XP level 9. HP: 26/37 MP: 0/10
   511 | D        | Reached skill level 1 in Spellcasting
   521 | D        | Noticed an oklob plant
   523 | D        | Killed an oklob plant
   524 | D        | Reached skill level 5 in Dodging
   734 | D        | Noticed an unseen horror
   734 | D        | Noticed an unseen horror
   740 | D        | Killed an unseen horror
   741 | D        | Reached skill level 5 in Fighting
   741 | D        | Reached skill level 5 in Unarmed Combat
   742 | D        | Killed an unseen horror
   742 | D        | Reached ***** piety under Trog
   743 | D        | Reached skill level 26 in Stealth
   743 | D        | Reached XP level 10. HP: 44/44 MP: 14/16
  1009 | D        | Found Qaid's Weapon Shoppe.
  1009 | D        | Found Satuwost's Assorted Antiques.
  1009 | D        | Found Wyosmob's Weapon Boutique.
  1011 | D        | Found Quymy's Assorted Antiques.
  1011 | D        | Found Ceinae's Magic Scroll Shop.
  1011 | D        | Found Luigrovu's Assorted Antiques.
  1011 | D        | Found Jazugocy's Magic Scroll Boutique.
  1011 | D        | Found Maliuj's Book Emporium.
  1011 | D        | Found Xoibun's Jewellery Shop.
  1011 | D        | Found Waqukosk's General Store.
  1015 | D        | Found Rudgh's Magic Scroll Boutique.
  1016 | D        | Found Iriwequc's Armour Emporium.
  1016 | D        | Found Ona Amp's Magic Scroll Boutique.
  1019 | D        | Found Pongyurch's General Store.
  1067 | D        | Noticed a deep troll
  1069 | D        | Killed a deep troll
  1070 | D        | Reached skill level 5 in Spellcasting
  1081 | D        | Found Omuon's Armour Emporium.
  1189 | D        | Noticed a shining eye
  1189 | D        | Noticed a shining eye
  1189 | D        | Noticed a shining eye
  1189 | D        | Noticed a shining eye
  1189 | D        | Noticed a shining eye
  1189 | D        | Noticed a shining eye
  1192 | D        | Paralysed by a floating eye for 2 turns
  1193 | D        | Killed a shining eye
  1194 | D        | Killed a shining eye
  1194 | D        | Killed a shining eye
  1195 | D        | Killed a shining eye
  1196 | D        | Noticed a shining eye
  1197 | D        | Gained mutation: You are clumsy. (Dex -2) [a shining eye]
  1197 | D        | Killed a shining eye
  1198 | D        | Noticed a shining eye
  1200 | D        | Killed a shining eye
  1203 | D        | Killed a shining eye
  1203 | D        | Killed a shining eye
  1204 | D        | Reached skill level 10 in Dodging
  1212 | D        | Found Uckieff's Jewellery Shop.
  1212 | D        | Found Zijulefe's Antique Weapon Shoppe.
  1212 | D        | Found Netontonk's General Store.
  1212 | D        | Found Itif Pifupp's Jewellery Emporium.
  1227 | D        | Bought a ring of protection from fire for 325 gold pieces
  1297 | D        | Bought a scroll of acquirement for 520 gold pieces
  1297 | D        | Acquired a manual of Dodging
  1298 | D        | Acquired a manual of Dodging
  1366 | D        | Reached XP level 11. HP: 25/51 MP: 10/22
  1671 | D        | Noticed a lindwurm
  1674 | D        | Killed a lindwurm
  1707 | D        | Reached skill level 27 in Stealth
  1718 | D        | Reached ****** piety under Trog
  2068 | D        | Noticed a 12-headed hydra
  2070 | D        | Killed a 12-headed hydra
  2134 | D        | Noticed a shadow dragon
  2134 | D        | Noticed a golden dragon
  2145 | D        | Killed a golden dragon
  2146 | D        | Reached skill level 10 in Fighting
  2146 | D        | Reached skill level 15 in Dodging
  2146 | D        | Reached skill level 10 in Unarmed Combat
  2147 | D        | Killed from afar by a shadow dragon
  2148 | D        | Reached XP level 10. HP: -14/47 MP: 0/24
  2239 | D        | Noticed a gargoyle
  2241 | D        | Noticed a merfolk siren
  2250 | D        | Engulfed by a cloud of freezing vapour
  2251 | D        | Reached XP level 9. HP: -5/47 MP: 0/23
  2256 | D        | Found Ydir's Antique Weapon Shoppe.
  2291 | D        | Killed a shadow dragon
  2292 | D        | Reached XP level 10. HP: 17/51 MP: 8/24
  2345 | D        | Killed a merfolk siren
  2375 | D        | Noticed the 27-headed Lernaean hydra
  2387 | D        | Noticed a daeva
  2638 | D        | Noticed a fire giant
  2641 | D        | Noticed a fire giant
  2642 | D        | Noticed a fire giant
  2643 | D        | Noticed a fire giant
  2645 | D        | Killed a fire giant
  2646 | D        | Reached skill level 10 in Spellcasting
  2663 | D        | Killed a fire giant
  2665 | D        | Killed a fire giant
  2675 | D        | Demolished by a fire giant

Illustrated notes

Levels and vault maps discovered:
D:        dungeon_sprint_1 [red_sonja_temple_1, red_sonja_temple_small_1]

Skill      XL: |  1  2  3  4  5  6  7  8  9 10 11 |
---------------+----------------------------------+-----
Stealth        | 8 12 16 19 22 25 26 27 | 27.0
Spellcasting   | 3 10 9 | 10.4
Fighting       | 5 11 10 | 11.7
Dodging        | 7 17 15 | 17.8
Unarmed Combat | 5 11 10 | 11.6

Action                   |  1- 3 |  4- 6 |  7- 9 | 10-12 || total
-------------------------+-------+-------+-------+-------++-------
Melee: Unarmed           |    13 |     4 |    16 |   123 ||   156
       Bite              |     1 |       |     2 |    14 ||    17
       Punch             |     1 |       |       |     5 ||     6
Invok: Berserk           |     1 |       |     1 |     3 ||     5
       Trog's Hand       |       |       |     1 |     6 ||     7
       Brothers in Arms  |       |       |     2 |    15 ||    17
  Use: Potion            |       |       |     1 |     5 ||     6
       Scroll            |       |       |     1 |     2 ||     3
 Stab: Sleeping          |     1 |     4 |     9 |    12 ||    26
       Distracted        |       |       |     1 |       ||     1
Armor: Skin              |       |       |     1 |     4 ||     5
Dodge: Dodged            |     5 |       |     8 |   127 ||   140
